3R
AMARILLO SUBMARINOS @ ATHLETIC CLUB KC U-21
08/18/2038
 
TOP OF THE 1ST
Amarillo Submarinos batting - Pitching for Athletic Club KC U-21 : RHP Bob Wheelock
Pitching: RHP Bob Wheelock
Batting: SHB Aubrey Magee 0-0: Bunted foul
0-1: Ball
1-1: Swinging Strike
1-2: Fly out, F9 (Flyball, 89D, EV 95.6 MPH)
Batting: RHB Franck Morel 0-0: Swinging Strike
0-1: Swinging Strike
0-2: Ball
1-2: Ball
2-2: Strikes out looking
Batting: RHB Li-ren Ku 0-0: Ball
1-0: Ball
2-0: Foul Ball, location: 2F
2-1: Foul Ball, location: 2F
2-2: Foul Ball, location: 2F
2-2: Foul Ball, location: 2F
2-2: Strikes out swinging
Top of the 1st over - 0 runs, 0 hits, 0 errors, 0 left on base; Amarillo 0 - Athletic Club KC 0
BOTTOM OF THE 1ST
Athletic Club KC U-21 batting - Pitching for Amarillo Submarinos : RHP Héctor Salazar
Pitching: RHP Héctor Salazar
Batting: SHB Gary Hopkins 0-0: Called Strike
0-1: Swinging Strike
0-2: Foul Ball, location: 2F
0-2: Ball
1-2: Foul Ball, location: 2F
1-2: Strikes out swinging
Batting: RHB Germain Bedeschi 0-0: Called Strike
0-1: Ground out 6-3 (Groundball, 6MS, EV 85.0 MPH)
Batting: LHB Bruce Simpson 0-0: Ball
1-0: Ball
2-0: Called Strike
2-1: Fly out, F8 (Flyball, 78D, EV 110.6 MPH)
Bottom of the 1st over - 0 runs, 0 hits, 0 errors, 0 left on base; Amarillo 0 - Athletic Club KC 0
TOP OF THE 2ND
Amarillo Submarinos batting - Pitching for Athletic Club KC U-21 : RHP Bob Wheelock
Batting: LHB Rafael Abasto 0-0: Ball
1-0: Fly out, F9 (Flyball, 9, EV 88.8 MPH)
Batting: RHB Ryan Blonke 0-0: Ball
1-0: SOLO HOME RUN (Line Drive, 78XD, EV 104.4 MPH), Distance : 412 ft
Batting: RHB Ed Tinker 0-0: Foul Ball, location: 2F
0-1: SINGLE (Line Drive, 56D, EV 98.1 MPH)
Batting: RHB Roberto Guerrero 0-0: Called Strike
0-1: Swinging Strike
0-2: Strikes out swinging
Batting: RHB Royce Coffman 0-0: Ball
1-0: Ball
2-0: Ball
3-0: Foul Ball, location: 2F
3-1: Foul Ball, location: 2F
3-2: Strikes out swinging
Top of the 2nd over - 1 run, 2 hits, 0 errors, 1 left on base; Amarillo 1 - Athletic Club KC 0
BOTTOM OF THE 2ND
Athletic Club KC U-21 batting - Pitching for Amarillo Submarinos : RHP Héctor Salazar
Batting: LHB Rafael Padilla 0-0: Ball
1-0: Ball
2-0: Foul Ball, location: 2F
2-1: Fly out, F5 (Popup, 5F, EV 75.6 MPH)
Batting: RHB Kojuro Seki 0-0: Called Strike
0-1: Foul Ball, location: 2F
0-2: Ball
1-2: Fly out, F9 (Line Drive, 9, EV 105.0 MPH)
Batting: LHB Ted Reed 0-0: Swinging Strike
0-1: Called Strike
0-2: Foul Ball, location: 2F
0-2: Foul Ball, location: 2F
0-2: Ground out 5-3 (Groundball, 56, EV 82.5 MPH)
Bottom of the 2nd over - 0 runs, 0 hits, 0 errors, 0 left on base; Amarillo 1 - Athletic Club KC 0
TOP OF THE 3RD
Amarillo Submarinos batting - Pitching for Athletic Club KC U-21 : RHP Bob Wheelock
Batting: RHB Bud Mullins 0-0: Ball
1-0: Ball
2-0: Ground out 5-3 (Groundball, 56S, EV 90.0 MPH)
Batting: SHB Aubrey Magee 0-0: Ground out 4-3 (Groundball, 4, EV 99.4 MPH)
Batting: RHB Franck Morel 0-0: Called Strike
0-1: Ball
1-1: Ground out 6-3 (Groundball, 6, EV 85.0 MPH)
Top of the 3rd over - 0 runs, 0 hits, 0 errors, 0 left on base; Amarillo 1 - Athletic Club KC 0
BOTTOM OF THE 3RD
Athletic Club KC U-21 batting - Pitching for Amarillo Submarinos : RHP Héctor Salazar
Batting: RHB Palmer Rogers 0-0: Ball
1-0: Foul Ball, location: 2F
1-1: Ball
2-1: Swinging Strike
2-2: Strikes out swinging
Batting: RHB Tim Hendricks 0-0: Foul Ball, location: 2F
0-1: Foul Ball, location: 2F
0-2: Ball
1-2: DOUBLE (Line Drive, 8RXD, EV 109.4 MPH)
Batting: LHB Yee Ci 0-0: Ball
1-0: Fly out, F8 (Flyball, 8RM, EV 83.8 MPH)
Batting: SHB Gary Hopkins 0-0: Swinging Strike
0-1: Foul Ball, location: 2F
0-2: Ball
1-2: Single, Error in OF, E7, batter to second base (Line Drive, 78M, EV 102.5 MPH)
Tim Hendricks scores
Batting: RHB Germain Bedeschi 0-0: Ground out 6-3 (Groundball, 6, EV 85.6 MPH)
Bottom of the 3rd over - 1 run, 2 hits, 1 error, 1 left on base; Amarillo 1 - Athletic Club KC 1
TOP OF THE 4TH
Amarillo Submarinos batting - Pitching for Athletic Club KC U-21 : RHP Bob Wheelock
Batting: RHB Li-ren Ku 0-0: Ball
1-0: Foul Ball, location: 2F
1-1: Ground out 5-3 (Groundball, 5S, EV 81.2 MPH)
Batting: LHB Rafael Abasto 0-0: Ball
1-0: Called Strike
1-1: Called Strike
1-2: Ball
2-2: Foul Ball, location: 2F
2-2: Strikes out swinging
Batting: RHB Ryan Blonke 0-0: Ball
1-0: Fly out, F9 (Flyball, 9LSF, EV 78.1 MPH)
Top of the 4th over - 0 runs, 0 hits, 0 errors, 0 left on base; Amarillo 1 - Athletic Club KC 1
BOTTOM OF THE 4TH
Athletic Club KC U-21 batting - Pitching for Amarillo Submarinos : RHP Héctor Salazar
Batting: LHB Bruce Simpson 0-0: Ball
1-0: Foul Ball, location: 2F
1-1: Fly out, F4 (Popup, 23, EV 87.5 MPH)
Batting: LHB Rafael Padilla 0-0: Ball
1-0: Foul Ball, location: 2F
1-1: Foul Ball, location: 2F
1-2: Ball
2-2: Ball
3-2: Ground out 1-3 (Groundball, 13, EV 89.4 MPH)
Batting: RHB Kojuro Seki 0-0: Swinging Strike
0-1: Foul Ball, location: 2F
0-2: Ball
1-2: Ball
2-2: Foul Ball, location: 2F
2-2: Fly out, F6 (Popup, 6M, EV 53.1 MPH)
Bottom of the 4th over - 0 runs, 0 hits, 0 errors, 0 left on base; Amarillo 1 - Athletic Club KC 1
TOP OF THE 5TH
Amarillo Submarinos batting - Pitching for Athletic Club KC U-21 : RHP Bob Wheelock
Batting: RHB Ed Tinker 0-0: Ball
1-0: Called Strike
1-1: Fly out, F8 (Flyball, 8RM, EV 88.8 MPH)
Batting: RHB Roberto Guerrero 0-0: Ball
1-0: Foul Ball, location: 2F
1-1: Ball
2-1: Ball
3-1: SINGLE (Line Drive, 4D, EV 98.1 MPH)
Batting: RHB Royce Coffman 0-0: Ball
1-0: SINGLE (Groundball, 6MD, EV 102.5 MPH)
Roberto Guerrero to second
Runner from 2nd tries for 3rd, SAFE, no throw by CF
Batting: RHB Bud Mullins 0-0: Ball
1-0: Ball
2-0: Called Strike
2-1: Ball
3-1: Fly out, F7 (Flyball, 78S, EV 86.2 MPH)
Batting: SHB Aubrey Magee 0-0: Ball
1-0: SINGLE (Groundball, 4MD, EV 95.0 MPH)
Roberto Guerrero scores
Royce Coffman to second
Runner from 2nd tries for 3rd, OUT! 8-5
Top of the 5th over - 1 run, 3 hits, 0 errors, 1 left on base; Amarillo 2 - Athletic Club KC 1
BOTTOM OF THE 5TH
Athletic Club KC U-21 batting - Pitching for Amarillo Submarinos : RHP Héctor Salazar
Batting: LHB Ted Reed 0-0: Ball
1-0: Swinging Strike
1-1: Called Strike
1-2: Strikes out swinging
Batting: RHB Palmer Rogers 0-0: Ball
1-0: Ball
2-0: Called Strike
2-1: Ball
3-1: Swinging Strike
3-2: Fly out, F8 (Flyball, 8RXD, EV 99.4 MPH)
Batting: RHB Tim Hendricks 0-0: Ball
1-0: Called Strike
1-1: Ball
2-1: Foul Ball, location: 2F
2-2: Ball
3-2: Strikes out swinging
Bottom of the 5th over - 0 runs, 0 hits, 0 errors, 0 left on base; Amarillo 2 - Athletic Club KC 1
TOP OF THE 6TH
Amarillo Submarinos batting - Pitching for Athletic Club KC U-21 : RHP Bob Wheelock
Batting: RHB Franck Morel 0-0: Ball
1-0: Foul Ball, location: 2F
1-1: Ball
2-1: Ball
3-1: Foul Ball, location: 2F
3-2: Strikes out swinging
Batting: RHB Li-ren Ku 0-0: Ball
1-0: Ball
2-0: Foul Ball, location: 2F
2-1: DOUBLE (Groundball, 5L, EV 105.6 MPH)
Batting: LHB Rafael Abasto 0-0: Called Strike
0-1: Ball
1-1: Ball
2-1: Ball
3-1: Called Strike
3-2: Ground out 3-1 (Groundball, 34, EV 82.5 MPH)
Li-ren Ku to third
Batting: RHB Ryan Blonke 0-0: Swinging Strike
0-1: Foul Ball, location: 2F
0-2: Strikes out looking
Top of the 6th over - 0 runs, 1 hit, 0 errors, 1 left on base; Amarillo 2 - Athletic Club KC 1
BOTTOM OF THE 6TH
Athletic Club KC U-21 batting - Pitching for Amarillo Submarinos : RHP Héctor Salazar
Batting: LHB Yee Ci 0-0: Ball
1-0: Ball
2-0: Foul Ball, location: 2F
2-1: SINGLE (Line Drive, 7LM, EV 94.4 MPH)
Batting: SHB Gary Hopkins 0-0: Called Strike
0-1: Swinging Strike
0-2: Ball
1-2: Strikes out swinging
Pitching: LHP Juan Lune
Batting: RHB Germain Bedeschi 0-0: Called Strike
0-1: Ball
1-1: Fly out, F9 (Flyball, 9LM, EV 93.8 MPH)
Batting: LHB Bruce Simpson 0-0: Ball
1-0: Called Strike
1-1: Ball
Yee Ci is caught stealing 2nd base 2-6
Bottom of the 6th over - 0 runs, 1 hit, 0 errors, 0 left on base; Amarillo 2 - Athletic Club KC 1
TOP OF THE 7TH
Amarillo Submarinos batting - Pitching for Athletic Club KC U-21 : RHP Bob Wheelock
Batting: RHB Ed Tinker 0-0: Ground out U3 (Groundball, 3L, EV 93.1 MPH)
Batting: RHB Roberto Guerrero 0-0: Ball
1-0: Called Strike
1-1: Called Strike
1-2: SINGLE (Groundball, 56D, EV 103.1 MPH)
Batting: RHB Royce Coffman 0-0: Foul Ball, location: 2F
0-1: Ball
Roberto Guerrero steals 2nd, throwing error, E2
Roberto Guerrero to third
1-1: Called Strike
1-2: Ball
2-2: Ball
3-2: Strikes out swinging
Batting: RHB Bud Mullins 0-0: Ball
1-0: Ball
2-0: Called Strike
2-1: Ball
3-1: Foul Ball, location: 2F
3-2: Foul Ball, location: 2F
3-2: Foul Ball, location: 2F
3-2: Base on Balls
Batting: SHB Aubrey Magee 0-0: Ball
1-0: Ground out 4-3 (Groundball, 4, EV 105.6 MPH)
Top of the 7th over - 0 runs, 1 hit, 1 error, 2 left on base; Amarillo 2 - Athletic Club KC 1
BOTTOM OF THE 7TH
Athletic Club KC U-21 batting - Pitching for Amarillo Submarinos : LHP Juan Lune
Batting: LHB Bruce Simpson 0-0: Ball
1-0: Foul Ball, location: 2F
1-1: Foul Ball, location: 2F
1-2: Foul Ball, location: 2F
1-2: Fly out, F8 (Line Drive, 8LM, EV 107.5 MPH)
Batting: LHB Rafael Padilla 0-0: Ball
1-0: Ball
2-0: Foul Ball, location: 2F
2-1: Fly out, F8 (Line Drive, 8RD, EV 105.6 MPH)
Batting: RHB Kojuro Seki 0-0: Ball
1-0: Ball
2-0: Called Strike
2-1: Swinging Strike
2-2: Foul Ball, location: 2F
2-2: SOLO HOME RUN (Flyball, 7D, EV 104.4 MPH), Distance : 376 ft
Batting: LHB Ted Reed 0-0: Ball
1-0: Reached on error, E6 (Groundball, 6, EV 80.0 MPH)
Batting: RHB Palmer Rogers 0-0: Ball
1-0: Foul Ball, location: 2F
1-1: Ball
2-1: Ball
3-1: Foul Ball, location: 2F
3-2: Foul Ball, location: 2F
3-2: Foul Ball, location: 2F
3-2: Fly out, F9 (Flyball, 9S, EV 83.8 MPH)
Bottom of the 7th over - 1 run, 1 hit, 1 error, 1 left on base; Amarillo 2 - Athletic Club KC 2
TOP OF THE 8TH
Amarillo Submarinos batting - Pitching for Athletic Club KC U-21 : RHP Bob Wheelock
Batting: RHB Franck Morel 0-0: Called Strike
0-1: Ball
1-1: Swinging Strike
1-2: Ball
2-2: Ball
3-2: Ground out U3 (Groundball, 34, EV 101.9 MPH)
Pitching: LHP Carlos Ortega
Batting: RHB Li-ren Ku 0-0: Fly out, F9 (Flyball, 89M, EV 82.5 MPH)
Batting: LHB Rafael Abasto 0-0: Called Strike
0-1: Fly out, F7 (Flyball, 7D, EV 87.5 MPH)
Top of the 8th over - 0 runs, 0 hits, 0 errors, 0 left on base; Amarillo 2 - Athletic Club KC 2
BOTTOM OF THE 8TH
Athletic Club KC U-21 batting - Pitching for Amarillo Submarinos : LHP Juan Lune
Batting: RHB Tim Hendricks 0-0: Ball
1-0: Ball
2-0: Foul Ball, location: 2F
2-1: Fly out, F8 (Flyball, 89D, EV 86.9 MPH)
Batting: LHB Yee Ci 0-0: Called Strike
0-1: Called Strike
0-2: Fly out, F8 (Flyball, 8RD, EV 97.5 MPH)
Batting: SHB Gary Hopkins 0-0: Called Strike
0-1: Ball
1-1: Ball
2-1: Ball
3-1: Base on Balls
Batting: RHB Germain Bedeschi 0-0: SINGLE (Groundball, 34D, EV 100.0 MPH)
Gary Hopkins to second
Runner from 2nd tries for 3rd, SAFE, throw by RF made to third
Batting: LHB Bruce Simpson 0-0: Foul Ball, location: 2F
0-1: Ball
1-1: Foul Ball, location: 2F
1-2: Ball
2-2: Hit by Pitch
Germain Bedeschi to second
Pitching: RHP Kelvin Bowen
Batting: LHB Rafael Padilla 0-0: Ball
1-0: Ball
2-0: Ball
3-0: Called Strike
3-1: Fly out, F9 (Flyball, 9LD, EV 100.6 MPH)
Bottom of the 8th over - 0 runs, 1 hit, 0 errors, 3 left on base; Amarillo 2 - Athletic Club KC 2
TOP OF THE 9TH
Amarillo Submarinos batting - Pitching for Athletic Club KC U-21 : LHP Carlos Ortega
Batting: RHB Ryan Blonke 0-0: Called Strike
0-1: Foul Ball, location: 2F
0-2: Strikes out swinging
Batting: RHB Ed Tinker 0-0: Called Strike
0-1: Called Strike
0-2: Strikes out looking
Batting: RHB Roberto Guerrero 0-0: Ball
1-0: Ball
2-0: Foul Ball, location: 2F
2-1: Foul Ball, location: 2F
2-2: Strikes out swinging
Top of the 9th over - 0 runs, 0 hits, 0 errors, 0 left on base; Amarillo 2 - Athletic Club KC 2
BOTTOM OF THE 9TH
Athletic Club KC U-21 batting - Pitching for Amarillo Submarinos : RHP Kelvin Bowen
Batting: RHB Kojuro Seki 0-0: Called Strike
0-1: Fly out, F8 (Flyball, 8RS, EV 93.1 MPH)
Batting: LHB Ted Reed 0-0: Ball
1-0: Foul Ball, location: 2F
1-1: Ball
2-1: Swinging Strike
2-2: Strikes out swinging
Pinch Hitting: RHB Shigetoki Numata 0-0: Ball
1-0: Foul Ball, location: 2F
1-1: Swinging Strike
1-2: Fly out, F6 (Line Drive, 6, EV 67.5 MPH)
Bottom of the 9th over - 0 runs, 0 hits, 0 errors, 0 left on base; Amarillo 2 - Athletic Club KC 2
TOP OF THE 10TH
Amarillo Submarinos batting - Pitching for Athletic Club KC U-21 : LHP Carlos Ortega
Pitching: RHP Grant Gremel
Now at SS: Shigetoki Numata
Pinch Hitting: RHB Luke Crawford 0-0: Called Strike
0-1: Called Strike
0-2: Ball
1-2: Fly out, F8 (Flyball, 8LS, EV 86.9 MPH)
Pinch Hitting: RHB Jorge Esparza 0-0: Ball
1-0: Foul Ball, location: 2F
1-1: Swinging Strike
1-2: Ball
2-2: Foul Ball, location: 2F
2-2: Ball
3-2: Foul Ball, location: 2F
3-2: Foul Ball, location: 2F
3-2: Strikes out swinging
Batting: SHB Aubrey Magee 0-0: Called Strike
0-1: Foul Ball, location: 2F
0-2: Ball
1-2: Strikes out swinging
Top of the 10th over - 0 runs, 0 hits, 0 errors, 0 left on base; Amarillo 2 - Athletic Club KC 2
BOTTOM OF THE 10TH
Athletic Club KC U-21 batting - Pitching for Amarillo Submarinos : RHP Kelvin Bowen
Pitching: RHP Donovan Poe
Now at 2B: Luke Crawford
Now in CF: David Báez
Batting: RHB Tim Hendricks 0-0: Ball
1-0: Ball
2-0: Ground out 4-3 (Groundball, 4, EV 101.9 MPH)
Batting: LHB Yee Ci 0-0: Swinging Strike
0-1: Called Strike
0-2: Strikes out swinging
Batting: SHB Gary Hopkins 0-0: Ball
1-0: Ball
2-0: Foul Ball, location: 2F
2-1: Ball
3-1: Foul Ball, location: 2F
3-2: Base on Balls
Batting: RHB Germain Bedeschi 0-0: Ball
1-0: Ball
2-0: Ball
3-0: Base on Balls
Gary Hopkins to second
Batting: LHB Bruce Simpson 0-0: Ball
1-0: SINGLE (Groundball, 4, EV 83.1 MPH) (infield hit)
Gary Hopkins to third
Germain Bedeschi to second
Batting: LHB Rafael Padilla 0-0: Called Strike
0-1: Foul Ball, location: 2F
0-2: Foul Ball, location: 2F
0-2: Ball
1-2: SINGLE (Groundball, 34D, EV 97.5 MPH)
Gary Hopkins scores
Friday, April 17th, 2020 - OOTP Baseball 20.8 Build 74